General information
- name: BNet
- type: Ladder team game (AT/RT)
- host: Battle.net
- saver: Ghocher
map: SunrockCove
- players: 6
- length: 66:59
- speed: Fast
- version: 1.23 W3XP
- replay type: Public
» download(369 KB)
Players
team 1 (loser)
feesh (
yellow | 75 APM | 4885 actions | 65:16)
6 Blademaster
2 Wind Walk
3 Critical Strike
1 Bladestorm
6 Tauren Chieftain
2 Shockwave
3 Endurance Aura
1 Reincarnation
» actions
| Assign group hotkey | 29 | |
| Basic commands | 51 | |
| Build / train | 133 | |
| Enter build submenu | 29 | |
| Enter hero's abilities submenu | 12 | |
| Give item / drop item | 8 | |
| Remove unit from queue | 25 | |
| Right click | 2987 | |
| Select / deselect | 746 | |
| Select group hotkey | 757 | |
| Use ability | 105 | |
4885 total
» units
| Peon | 14 | |
| Grunt | 4 | |
| Raider | 8 | |
| Tauren | 5 | |
| Troll Witch Doctor | 3 | |
| Kodo Beast | 1 | |
| Demolisher | 2 | |
| Troll Batrider | 6 | |
| Shaman | 3 | |
| Goblin Zeppelin | 3 | |
49 total
» upgrades
| Ensnare | 1 | |
| Berserker Strength | 1 | |
| Armor | 3 | |
| Witch Doctor Training | 2 | |
| Pulverize | 1 | |
| War Drums Damage Increase | 1 | |
| Burning Oil | 1 | |
| Shaman Training | 2 | |
| Troll Regeneration | 1 | |
| Melee Weapons | 3 | |
| Ranged Weapons | 3 | |
19 total
» buildings
| Altar of Storms | 1 | |
| Orc Burrow | 6 | |
| Stronghold | 2 | |
| Barracks | 1 | |
| Beastiary | 1 | |
| Voodoo Lounge | 1 | |
| War Mill | 1 | |
| Fortress | 1 | |
| Spirit Lodge | 1 | |
| Great Hall | 4 | |
| Tauren Totem | 1 | |
| Watch Tower | 4 | |
24 total
» build order
00:09 Altar of Storms
00:20 Orc Burrow
01:55 Stronghold
02:09 Barracks
02:31 Orc Burrow
04:23 Beastiary
05:03 Voodoo Lounge
05:51 Orc Burrow
08:23 Orc Burrow
08:28 War Mill
09:18 Orc Burrow
10:15 Orc Burrow
11:37 Fortress
12:41 Spirit Lodge
14:02 Great Hall
14:58 Tauren Totem
26:22 Great Hall
39:39 Great Hall
39:43 Watch Tower
39:44 Watch Tower
39:47 Watch Tower
39:50 Watch Tower
51:51 Great Hall
» items
| Circlet of Nobility | 1 | |
| Healing Salve | 3 | |
| Potion of Mana | 3 | |
| Orb of Lightning | 3 | |
| Staff of Teleportation | 1 | |
11 total
kkreuk (
orange | 52 APM | 3509 actions | 66:50)
4 Death Knight
3 Death Coil
1 Unholy Aura
4 Lich
2 Frost Nova
2 Frost Armor
» actions
| Assign group hotkey | 28 | |
| Basic commands | 11 | |
| Build / train | 70 | |
| ESC pressed | 11 | |
| Enter build submenu | 34 | |
| Enter hero's abilities submenu | 8 | |
| Remove unit from queue | 1 | |
| Right click | 1705 | |
| Select / deselect | 487 | |
| Select group hotkey | 1051 | |
| Use ability | 101 | |
3509 total
» units
| Acolyte | 6 | |
| Ghoul | 3 | |
| Crypt Fiend | 10 | |
| Frost Wyrm | 15 | |
| Gargoyle | 4 | |
| Goblin Zeppelin | 1 | |
39 total
» upgrades
| Creature Attack | 3 | |
| Creature Carapace | 3 | |
| Web | 1 | |
| Freezing Breath | 1 | |
8 total
» buildings
| Altar of Darkness | 1 | |
| Crypt | 1 | |
| Ziggurat | 17 | |
| Graveyard | 1 | |
| Tomb of Relics | 1 | |
| Spirit Tower | 8 | |
| Halls of the Dead | 1 | |
| Sacrificial Pit | 1 | |
| Black Citadel | 1 | |
| Boneyard | 2 | |
34 total
» build order
00:09 Altar of Darkness
00:11 Crypt
00:17 Ziggurat
01:10 Graveyard
01:54 Ziggurat
02:16 Tomb of Relics
02:56 Spirit Tower
04:40 Ziggurat
05:35 Halls of the Dead
06:48 Ziggurat
08:19 Sacrificial Pit
08:21 Black Citadel
08:40 Ziggurat
10:57 Boneyard
11:48 Boneyard
12:48 Ziggurat
15:41 Ziggurat
18:22 Spirit Tower
18:25 Spirit Tower
18:27 Spirit Tower
27:26 Ziggurat
27:31 Ziggurat
43:19 Ziggurat
49:38 Ziggurat
51:55 Ziggurat
51:57 Ziggurat
52:00 Spirit Tower
53:54 Spirit Tower
53:58 Spirit Tower
61:12 Ziggurat
61:15 Ziggurat
61:20 Ziggurat
61:24 Ziggurat
62:36 Spirit Tower
» items

»
kroncx (
green | 48 APM | 3211 actions | 66:56)
6 Keeper of the Grove
3 Entangling Roots
2 Thorns Aura
1 Tranquility
» actions
| Assign group hotkey | 22 | |
| Basic commands | 242 | |
| Build / train | 110 | |
| ESC pressed | 17 | |
| Enter build submenu | 39 | |
| Enter hero's abilities submenu | 6 | |
| Right click | 1239 | |
| Select / deselect | 963 | |
| Select group hotkey | 437 | |
| Use ability | 136 | |
3211 total
» units
| Wisp | 34 | |
| Huntress | 8 | |
| Mountain Giant | 2 | |
| Druid of the Claw | 4 | |
| Chimaera | 9 | |
| Dryad | 3 | |
| Goblin Zeppelin | 3 | |
| Hippogryph | 6 | |
| Druid of the Talon | 10 | |
| Faerie Dragon | 1 | |
80 total
» upgrades
| Druid of the Claw Training | 2 | |
| Strength of the Wild | 3 | |
| Reinforced Hides | 3 | |
| Hardened Skin | 1 | |
| Resistant Skin | 1 | |
| Corrosive Breath | 1 | |
| Druid of the Talon Training | 2 | |
| Abolish Magic | 1 | |
| Mark of the Talon | 1 | |
| Nature's Blessing | 1 | |
16 total
» buildings
| Altar of Elders | 1 | |
| Moon Well | 6 | |
| Ancient of War | 3 | |
| Hunter's Hall | 1 | |
| Tree of Ages | 5 | |
| Tree of Life | 6 | |
| Ancient of Wonders | 1 | |
| Ancient of Lore | 2 | |
| Tree of Eternity | 2 | |
| Ancient of Wind | 2 | |
| Chimaera Roost | 2 | |
| Ancient Protector | 10 | |
41 total
» build order
00:09 Altar of Elders
00:22 Moon Well
01:08 Ancient of War
01:42 Hunter's Hall
02:01 Moon Well
02:50 Ancient of War
02:59 Ancient of War
04:21 Moon Well
05:31 Moon Well
05:52 Tree of Ages
05:52 Tree of Ages
05:53 Tree of Ages
07:11 Tree of Life
07:46 Ancient of Wonders
08:21 Ancient of Lore
08:28 Ancient of Lore
09:44 Moon Well
11:02 Tree of Eternity
12:38 Moon Well
15:29 Ancient of Wind
15:32 Ancient of Wind
16:59 Chimaera Roost
17:04 Chimaera Roost
18:54 Tree of Ages
19:52 Tree of Life
20:26 Tree of Life
28:11 Tree of Ages
37:19 Tree of Life
37:22 Ancient Protector
37:24 Ancient Protector
37:26 Ancient Protector
37:28 Ancient Protector
38:50 Tree of Life
40:33 Tree of Life
43:11 Tree of Eternity
46:17 Ancient Protector
46:18 Ancient Protector
46:19 Ancient Protector
46:20 Ancient Protector
46:21 Ancient Protector
46:46 Ancient Protector
team 2 (winner)
fineX (
teal | 37 APM | 2494 actions | 66:56)
4 Pandaren Brewmaster
2 Breath of Fire
2 Drunken Brawler
» actions
| Assign group hotkey | 79 | |
| Basic commands | 4 | |
| Build / train | 136 | |
| Enter build submenu | 76 | |
| Enter hero's abilities submenu | 4 | |
| Give item / drop item | 1 | |
| Remove unit from queue | 2 | |
| Right click | 928 | |
| Select / deselect | 576 | |
| Select group hotkey | 372 | |
| Use ability | 315 | |
2494 total
» units
| Peasant | 21 | |
| Goblin Zeppelin | 2 | |
| Goblin Shredder | 4 | |
| Mortar Team | 1 | |
| Dragonhawk Rider | 6 | |
| Flying Machine | 9 | |
43 total
» upgrades
| Masonry | 3 | |
| Gunpowder | 2 | |
| Flare | 1 | |
| Swords | 3 | |
| Armor | 1 | |
| Flying Machine Bombs | 1 | |
| Flak Cannons | 1 | |
| Fragmentation Shards | 1 | |
| Lumber Harvesting | 2 | |
| Cloud | 1 | |
| Plating | 2 | |
18 total
» buildings
| Altar of Kings | 2 | |
| Farm | 19 | |
| Lumber Mill | 5 | |
| Scout Tower | 152 | |
| Arcane Tower | 1 | |
| Guard Tower | 53 | |
| Keep | 2 | |
| Blacksmith | 2 | |
| Arcane Vault | 2 | |
| Workshop | 5 | |
| Castle | 1 | |
| Town Hall | 2 | |
| Cannon Tower | 2 | |
| Gryphon Aviary | 3 | |
| Barracks | 1 | |
252 total
» build order
00:05 Altar of Kings
00:07 Farm
00:46 Lumber Mill
00:50 Farm
01:29 Scout Tower
01:57 Scout Tower
01:59 Scout Tower
02:12 Scout Tower
02:15 Arcane Tower
02:30 Guard Tower
02:57 Guard Tower
03:00 Scout Tower
03:01 Scout Tower
03:41 Guard Tower
04:00 Guard Tower
04:02 Keep
04:07 Scout Tower
04:07 Scout Tower
04:12 Farm
04:12 Farm
04:19 Scout Tower
04:20 Scout Tower
04:22 Scout Tower
04:40 Blacksmith
04:55 Arcane Vault
05:10 Guard Tower
05:15 Scout Tower
05:15 Scout Tower
05:45 Guard Tower
05:55 Guard Tower
06:09 Guard Tower
06:21 Scout Tower
06:21 Scout Tower
06:22 Scout Tower
06:24 Guard Tower
07:05 Guard Tower
07:21 Workshop
07:23 Guard Tower
08:58 Farm
09:01 Farm
09:02 Farm
09:14 Workshop
10:43 Castle
11:02 Scout Tower
11:03 Scout Tower
11:03 Scout Tower
11:05 Scout Tower
11:37 Guard Tower
11:40 Scout Tower
11:41 Scout Tower
11:42 Scout Tower
11:43 Scout Tower
12:22 Town Hall
12:28 Scout Tower
12:30 Scout Tower
12:32 Scout Tower
12:34 Scout Tower
12:35 Scout Tower
12:42 Guard Tower
12:52 Guard Tower
13:25 Scout Tower
13:26 Scout Tower
13:27 Scout Tower
13:27 Scout Tower
13:29 Scout Tower
13:30 Scout Tower
13:31 Scout Tower
13:32 Scout Tower
13:33 Scout Tower
14:47 Cannon Tower
15:05 Cannon Tower
15:07 Guard Tower
15:14 Guard Tower
16:26 Guard Tower
16:29 Guard Tower
16:33 Scout Tower
16:35 Scout Tower
17:16 Guard Tower
17:33 Scout Tower
17:34 Scout Tower
18:10 Guard Tower
18:12 Scout Tower
18:13 Scout Tower
18:25 Guard Tower
18:51 Guard Tower
18:53 Scout Tower
18:54 Scout Tower
18:54 Scout Tower
19:39 Lumber Mill
19:51 Guard Tower
19:53 Scout Tower
19:53 Scout Tower
19:54 Scout Tower
19:55 Scout Tower
21:14 Guard Tower
22:13 Scout Tower
22:14 Scout Tower
22:15 Scout Tower
22:23 Scout Tower
23:08 Guard Tower
23:09 Scout Tower
23:10 Scout Tower
23:11 Scout Tower
23:40 Guard Tower
23:44 Guard Tower
23:48 Guard Tower
24:43 Town Hall
26:57 Gryphon Aviary
26:58 Gryphon Aviary
27:00 Gryphon Aviary
27:34 Scout Tower
27:35 Scout Tower
27:36 Scout Tower
27:37 Scout Tower
27:38 Scout Tower
27:39 Scout Tower
27:40 Scout Tower
27:41 Scout Tower
27:42 Scout Tower
28:32 Guard Tower
28:59 Guard Tower
29:07 Scout Tower
29:08 Scout Tower
29:09 Scout Tower
29:11 Scout Tower
29:12 Scout Tower
29:14 Scout Tower
29:15 Scout Tower
29:16 Scout Tower
29:50 Guard Tower
29:53 Guard Tower
30:28 Guard Tower
31:12 Arcane Vault
31:55 Guard Tower
32:43 Scout Tower
32:43 Scout Tower
32:45 Scout Tower
32:45 Scout Tower
32:47 Scout Tower
32:48 Scout Tower
32:49 Scout Tower
32:50 Scout Tower
32:51 Scout Tower
32:52 Scout Tower
33:31 Guard Tower
33:35 Scout Tower
33:37 Scout Tower
33:39 Scout Tower
33:43 Scout Tower
33:45 Scout Tower
33:46 Scout Tower
34:27 Guard Tower
35:44 Guard Tower
35:49 Scout Tower
35:52 Scout Tower
35:54 Scout Tower
35:55 Scout Tower
35:56 Scout Tower
35:57 Scout Tower
35:58 Scout Tower
36:18 Scout Tower
36:19 Scout Tower
36:20 Scout Tower
36:22 Scout Tower
36:23 Scout Tower
36:24 Scout Tower
36:25 Scout Tower
36:28 Scout Tower
36:31 Scout Tower
36:31 Scout Tower
36:32 Scout Tower
36:35 Scout Tower
36:36 Scout Tower
36:37 Scout Tower
36:38 Scout Tower
36:40 Scout Tower
36:54 Guard Tower
36:58 Guard Tower
37:07 Guard Tower
37:16 Scout Tower
37:16 Scout Tower
37:17 Scout Tower
37:18 Scout Tower
37:20 Scout Tower
37:35 Guard Tower
38:04 Guard Tower
38:22 Lumber Mill
39:34 Guard Tower
39:39 Scout Tower
39:41 Scout Tower
39:45 Scout Tower
39:47 Scout Tower
39:50 Scout Tower
39:53 Scout Tower
39:54 Scout Tower
39:55 Scout Tower
39:56 Scout Tower
39:57 Scout Tower
40:57 Scout Tower
40:58 Scout Tower
40:59 Scout Tower
41:00 Scout Tower
41:29 Barracks
41:29 Keep
42:23 Guard Tower
42:47 Blacksmith
45:00 Workshop
45:01 Workshop
45:06 Workshop
46:24 Altar of Kings
46:32 Scout Tower
46:33 Scout Tower
46:35 Scout Tower
46:36 Scout Tower
46:40 Scout Tower
46:42 Scout Tower
46:44 Scout Tower
46:47 Scout Tower
46:48 Scout Tower
47:16 Guard Tower
47:50 Scout Tower
47:51 Scout Tower
47:59 Farm
48:00 Farm
48:00 Farm
48:01 Farm
48:02 Farm
48:19 Guard Tower
48:32 Guard Tower
48:41 Guard Tower
48:45 Scout Tower
48:45 Scout Tower
49:00 Guard Tower
49:16 Guard Tower
49:35 Farm
49:37 Farm
50:19 Lumber Mill
51:54 Guard Tower
58:15 Farm
58:16 Farm
58:18 Farm
59:34 Farm
59:34 Farm
59:38 Lumber Mill
64:55 Scout Tower
64:57 Scout Tower
66:03 Guard Tower
66:07 Scout Tower
66:10 Scout Tower
66:11 Scout Tower
66:12 Scout Tower
66:13 Guard Tower
» items
| Healing Salve | 3 | |
| Lesser Clarity Potion | 3 | |
| Boots of Speed | 1 | |
| Staff of Teleportation | 1 | |
| Orb of Lightning | 1 | |
9 total
Ghocher (
purple | 33 APM | 2210 actions | 66:59)
5 Blademaster
2 Wind Walk
3 Critical Strike
» actions
| Assign group hotkey | 15 | |
| Basic commands | 44 | |
| Build / train | 72 | |
| ESC pressed | 4 | |
| Enter build submenu | 67 | |
| Enter hero's abilities submenu | 5 | |
| Give item / drop item | 4 | |
| Right click | 1063 | |
| Select / deselect | 613 | |
| Select group hotkey | 157 | |
| Use ability | 166 | |
2210 total
» units
| Peon | 29 | |
| Goblin Zeppelin | 2 | |
| Troll Batrider | 18 | |
49 total
» upgrades
| Spiked Barricades | 3 | |
| Liquid Fire | 1 | |
4 total
» buildings
| Altar of Storms | 2 | |
| Orc Burrow | 7 | |
| War Mill | 2 | |
| Watch Tower | 36 | |
| Voodoo Lounge | 3 | |
| Stronghold | 3 | |
| Beastiary | 3 | |
| Fortress | 2 | |
| Great Hall | 2 | |
60 total
» build order
00:03 Altar of Storms
00:18 Orc Burrow
00:40 War Mill
02:13 Watch Tower
02:18 Orc Burrow
02:27 Watch Tower
02:50 Watch Tower
03:10 Watch Tower
03:31 Watch Tower
03:48 Watch Tower
04:03 Watch Tower
04:22 Watch Tower
04:39 Voodoo Lounge
04:52 Watch Tower
05:30 Watch Tower
05:42 Watch Tower
06:11 Watch Tower
06:56 Stronghold
07:02 Watch Tower
07:13 Watch Tower
08:18 Watch Tower
08:48 Watch Tower
09:36 Watch Tower
09:52 Watch Tower
11:30 Beastiary
11:34 Beastiary
11:38 Watch Tower
12:24 Watch Tower
12:27 Watch Tower
12:29 Watch Tower
12:30 Watch Tower
12:44 Orc Burrow
12:45 Orc Burrow
13:06 Watch Tower
13:15 Fortress
13:28 Watch Tower
13:30 Watch Tower
13:52 Watch Tower
14:34 Watch Tower
14:36 Watch Tower
14:58 Watch Tower
15:33 Beastiary
17:29 Great Hall
18:18 Voodoo Lounge
19:07 War Mill
20:09 Orc Burrow
20:25 Watch Tower
21:46 Watch Tower
22:09 Watch Tower
22:55 Watch Tower
23:25 Stronghold
23:34 Orc Burrow
24:29 Orc Burrow
25:23 Watch Tower
25:25 Watch Tower
27:52 Great Hall
30:26 Voodoo Lounge
41:26 Stronghold
43:52 Altar of Storms
45:14 Fortress
» items
| Boots of Speed | 1 | |
| Lesser Clarity Potion | 2 | |
| Healing Salve | 2 | |
| Potion of Healing | 1 | |
| Staff of Teleportation | 1 | |
| Orb of Lightning | 1 | |
8 total
Sylink (
blue | 56 APM | 3759 actions | 66:56)
5 Archmage
3 Blizzard
2 Brilliance Aura
5 Mountain King
3 Storm Bolt
2 Bash
» actions
| Assign group hotkey | 12 | |
| Basic commands | 68 | |
| Build / train | 129 | |
| ESC pressed | 4 | |
| Enter build submenu | 101 | |
| Enter hero's abilities submenu | 10 | |
| Give item / drop item | 3 | |
| Right click | 1407 | |
| Select / deselect | 675 | |
| Select group hotkey | 991 | |
| Use ability | 358 | |
3759 total
» units
| Peasant | 25 | |
| Goblin Zeppelin | 3 | |
| Dragonhawk Rider | 7 | |
| Goblin Shredder | 1 | |
| Priest | 2 | |
38 total
» upgrades
| Masonry | 3 | |
| Lumber Harvesting | 1 | |
| Swords | 1 | |
| Magic Sentry | 1 | |
| Armor | 3 | |
| Cloud | 1 | |
| Animal War Training | 1 | |
11 total
» buildings
| Altar of Kings | 2 | |
| Farm | 12 | |
| Lumber Mill | 3 | |
| Scout Tower | 119 | |
| Arcane Tower | 1 | |
| Guard Tower | 57 | |
| Arcane Vault | 2 | |
| Keep | 2 | |
| Gryphon Aviary | 3 | |
| Town Hall | 2 | |
| Blacksmith | 1 | |
| Castle | 1 | |
| Arcane Sanctum | 1 | |
| Barracks | 1 | |
207 total
» build order
00:02 Altar of Kings
00:03 Farm
00:27 Lumber Mill
01:01 Scout Tower
01:26 Farm
01:31 Arcane Tower
01:35 Scout Tower
02:05 Guard Tower
02:07 Scout Tower
02:35 Guard Tower
02:37 Scout Tower
02:50 Farm
03:26 Scout Tower
03:27 Guard Tower
03:29 Arcane Vault
04:04 Guard Tower
04:28 Keep
05:33 Scout Tower
05:34 Scout Tower
06:08 Guard Tower
06:22 Scout Tower
06:23 Scout Tower
07:04 Guard Tower
07:11 Gryphon Aviary
07:20 Farm
07:31 Guard Tower
07:33 Scout Tower
08:11 Guard Tower
08:32 Scout Tower
08:33 Scout Tower
08:35 Scout Tower
08:36 Scout Tower
08:48 Farm
09:07 Guard Tower
09:09 Scout Tower
09:11 Scout Tower
09:14 Scout Tower
09:15 Scout Tower
09:41 Guard Tower
09:47 Guard Tower
09:54 Scout Tower
09:57 Scout Tower
09:59 Scout Tower
10:07 Scout Tower
10:27 Guard Tower
10:33 Guard Tower
10:35 Scout Tower
10:37 Scout Tower
10:39 Guard Tower
10:40 Scout Tower
10:41 Scout Tower
11:06 Guard Tower
11:25 Guard Tower
12:13 Scout Tower
12:14 Scout Tower
12:16 Scout Tower
12:16 Scout Tower
12:24 Scout Tower
12:25 Scout Tower
12:27 Scout Tower
12:30 Scout Tower
12:55 Guard Tower
12:57 Scout Tower
12:57 Scout Tower
13:21 Guard Tower
13:23 Scout Tower
13:23 Scout Tower
13:40 Guard Tower
13:42 Guard Tower
14:42 Town Hall
14:53 Lumber Mill
15:31 Scout Tower
15:33 Scout Tower
15:34 Scout Tower
15:36 Scout Tower
15:36 Scout Tower
15:39 Arcane Vault
15:42 Scout Tower
15:43 Scout Tower
16:25 Farm
16:26 Farm
16:31 Guard Tower
16:41 Guard Tower
17:18 Scout Tower
17:20 Guard Tower
17:22 Keep
17:27 Guard Tower
18:07 Scout Tower
18:08 Farm
18:10 Scout Tower
18:11 Scout Tower
18:14 Guard Tower
18:16 Scout Tower
18:17 Scout Tower
18:18 Scout Tower
18:25 Guard Tower
18:49 Scout Tower
18:49 Scout Tower
18:54 Scout Tower
18:56 Scout Tower
19:14 Guard Tower
19:24 Guard Tower
19:27 Guard Tower
19:38 Guard Tower
20:21 Guard Tower
20:23 Scout Tower
20:24 Scout Tower
20:25 Scout Tower
20:34 Guard Tower
20:37 Scout Tower
20:37 Scout Tower
20:38 Scout Tower
21:22 Guard Tower
21:26 Scout Tower
21:38 Lumber Mill
21:47 Guard Tower
22:21 Scout Tower
22:21 Scout Tower
22:22 Scout Tower
22:23 Scout Tower
22:25 Scout Tower
22:26 Scout Tower
23:02 Guard Tower
23:04 Scout Tower
23:04 Scout Tower
23:05 Scout Tower
23:08 Scout Tower
23:09 Scout Tower
23:10 Scout Tower
23:16 Scout Tower
23:17 Scout Tower
23:18 Guard Tower
23:27 Town Hall
24:21 Guard Tower
24:26 Scout Tower
24:27 Scout Tower
24:29 Scout Tower
24:29 Scout Tower
24:31 Guard Tower
24:45 Scout Tower
24:46 Scout Tower
24:48 Guard Tower
25:26 Guard Tower
25:28 Scout Tower
25:34 Gryphon Aviary
25:37 Gryphon Aviary
26:07 Guard Tower
26:58 Guard Tower
27:05 Altar of Kings
27:36 Farm
28:39 Farm
28:46 Guard Tower
28:52 Blacksmith
28:54 Castle
29:02 Guard Tower
29:20 Arcane Sanctum
32:42 Scout Tower
32:43 Scout Tower
32:59 Scout Tower
33:00 Scout Tower
33:39 Guard Tower
33:41 Scout Tower
33:41 Scout Tower
34:14 Guard Tower
34:44 Guard Tower
37:03 Farm
37:03 Farm
38:32 Scout Tower
38:33 Scout Tower
38:34 Scout Tower
38:35 Scout Tower
38:36 Scout Tower
38:36 Scout Tower
38:37 Scout Tower
40:53 Guard Tower
42:00 Guard Tower
42:44 Barracks
46:48 Scout Tower
46:49 Scout Tower
46:50 Scout Tower
46:58 Scout Tower
46:58 Scout Tower
47:54 Guard Tower
48:17 Guard Tower
60:54 Scout Tower
60:56 Scout Tower
60:56 Scout Tower
60:57 Scout Tower
61:56 Guard Tower
61:58 Scout Tower
62:04 Scout Tower
62:14 Guard Tower
62:16 Scout Tower
62:17 Scout Tower
62:53 Guard Tower
64:19 Guard Tower
64:35 Scout Tower
64:36 Scout Tower
64:40 Scout Tower
64:41 Scout Tower
64:46 Scout Tower
64:46 Scout Tower
64:47 Scout Tower
65:10 Guard Tower
65:17 Scout Tower
65:18 Scout Tower
65:46 Guard Tower
» items
| Scroll of Regeneration | 1 | |
| Healing Salve | 1 | |
| Boots of Speed | 1 | |
| Staff of Teleportation | 2 | |
| Scroll of Town Portal | 2 | |
7 total
Chat log
(00:08 / Allies) Ghocher: gimme a ping of where i need to build towers
(00:10 / Allies) Sylink: time to get some islands
(00:14 / Allies) Sylink: tower yoru base
(00:18 / Allies) Sylink: then try to tower expo
(00:20 / Allies) Ghocher: k
(00:35 / Allies) fineX: im going to join mensa
(00:41 / Allies) Sylink: why
(00:52 / Allies) Sylink: so you can solve esoteric puzzles and feel superior?
(00:57 / Allies) fineX: yes
(01:06 / Allies) fineX: anytime anyone tries to argue with me
(01:11 / Allies) fineX: "im in mensa and your not"
(01:16 / All) Ghocher: what if they are
(01:21 / Allies) fineX: then im boned
(01:21 / Allies) Sylink: the well had 5 dollars in it, you take .1 dollars out every time a cobalt atom decay, how long until the well is empty of dolla
(01:35 / Allies) fineX: like a second
(01:43 / Allies) fineX: cuz i take allllllllllll the money
(02:01 / Allies) Sylink: answer: the man hung himself while standing on an ice block during a peanut storm
(02:34 / Allies) fineX: ghocher
(02:37 / Allies) fineX: tower around your main
(02:42 / Allies) fineX: and make more towers
(02:45 / Allies) Ghocher: workin on it
(02:57 / Allies) Sylink: techer
(03:00 / Allies) Sylink: harass this nig
(03:11 / Allies) Sylink: get peons
(03:15 / Allies) Sylink: or stand there
(03:17 / Allies) fineX: kill he
(03:48 / Allies) Sylink: are zeps up yet
(03:56 / Allies) fineX: no
(04:01 / Allies) Sylink: tower in clusters like we are
(04:30 / Allies) Ghocher: i fucking forgot voodoo lounge christ
(04:37 / Allies) Sylink: owned
(04:46 / Allies) fineX: owned by u self
(04:50 / Allies) Sylink: when is zep up argh
(04:59 / Allies) Sylink: cunt golems
(05:04 / Allies) fineX: once it hits day again
(05:05 / Allies) fineX: should be
(05:10 / Allies) Sylink: lol
(05:20 / Allies) Sylink: chased me halfway
(05:23 / Allies) Sylink: across island
(05:28 / Allies) Sylink: ill get left island
(05:38 / Allies) fineX: ill get right
(05:53 / Allies) Sylink: scout other bases
(05:56 / Allies) Sylink: was orc being fed or something
(06:33 / Allies) Sylink: he making
(07:02 / Allies) Sylink: im going hawks
(07:06 / Allies) fineX: ok
(07:46 / Allies) Ghocher: woot, zep died
(07:51 / Allies) Ghocher: that's how we do it where i'm from
(08:00 / Allies) fineX: where u from
(08:02 / Allies) Ghocher: oregon
(08:04 / Allies) Sylink: sending mine
(08:16 / Allies) fineX: is that same as oregano
(08:21 / Allies) Ghocher: kinda
(08:38 / Allies) Ghocher: more pot here than oregano
(09:28 / Allies) Sylink: raiders lol
(09:46 / Allies) Ghocher: goin here
(09:55 / Allies) fineX: im towerin it
(10:02 / Allies) Sylink: try to sneak top imo
(10:05 / Allies) Ghocher: k
(10:12 / Allies) Sylink: send zep way around edges
(11:27 / Allies) fineX: ghocher
(11:28 / Allies) fineX: maker bats
(11:31 / Allies) Ghocher: doin that right now
(12:02 / Allies) fineX: boneyards goin up
(12:09 / Allies) fineX: oj is a fuckin noob lol
(12:30 / Allies) Sylink: good
(12:44 / Allies) Sylink: help me clear this left mine
(12:50 / Allies) Sylink: gh
(12:50 / Allies) fineX: im prolly gonna get gyros
(13:04 / Allies) fineX: lol
(13:08 / Allies) fineX: u base is ded
(13:19 / Allies) Sylink: so it seem
(13:56 / Allies) fineX: share up
(14:59 / Allies) fineX: u base ded also purple
(15:08 / Allies) Ghocher: is cool
(15:23 / Allies) Sylink: oh well
(15:47 / Allies) Sylink: they have no air
(15:54 / Allies) Ghocher: great, bats ftl
(15:56 / Allies) Sylink: clear top
(16:00 / Allies) fineX: bats for kill base
(16:02 / Allies) Sylink: bats defend islands bro
(16:36 / Allies) Sylink: wyrms
(16:50 / Allies) Sylink: get t3 armor
(16:51 / Allies) Sylink: for orc buildings
(17:38 / Allies) Sylink: bat ne base imo
(17:44 / Allies) Sylink: bat the xpos
(17:45 / Allies) fineX: ja
(17:46 / Allies) Sylink: or something
(17:53 / Allies) Sylink: do sometihgn
(17:56 / Allies) Sylink: in genral
(18:06 / Allies) Ghocher: workin on my expo
(18:20 / Allies) Sylink: multitask
(18:30 / Allies) Sylink: keep bats roaming
(18:54 / Allies) Ghocher: nooooo
(19:03 / Allies) Sylink: learn to run
(19:07 / Allies) Sylink: lol
(20:53 / Allies) Sylink: nice wyrm micro
(20:53 / Allies) fineX: lol
(21:04 / Allies) Sylink: bears owned by cannon
(21:07 / Allies) fineX: niggers should know not to messs with my base
(21:08 / Allies) Sylink: any spare wood
(21:19 / Allies) Sylink: ty
(21:27 / Allies) fineX: lol
(21:28 / Allies) Sylink: they revealed me
(21:37 / Allies) fineX: thats just fuckin lol
(22:00 / Allies) fineX: finally siege
(22:07 / Allies) Sylink: finally
(22:24 / Allies) Ghocher: what's tele staff cd?
(22:32 / Allies) Sylink: like a minute or two
(23:19 / Allies) fineX: fuyck
(23:22 / Allies) Ghocher: oh noes
(23:58 / Allies) fineX: they tryin this bs again
(24:17 / Allies) Sylink: tauren sniper
(24:35 / Allies) Sylink: is what they call me
(24:52 / Allies) Sylink: rofl
(24:55 / Allies) Sylink: gyros would be cool
(25:08 / Allies) Sylink: you need to tower more quickly
(25:13 / Allies) Ghocher: really low on resources
(25:14 / Allies) Sylink: they going to rail that island
(25:20 / Allies) Sylink: finex is rich
(25:21 / Allies) Sylink: ask him
(25:29 / Allies) fineX: my family is wealthy and powerful
(25:33 / Allies) fineX: i could have you killed right now
(25:37 / Allies) Ghocher: oh i'm fucked
(25:43 / Allies) Sylink: pre much
(25:46 / Allies) Sylink: get a peon out
(25:59 / Allies) Sylink: do you have gyros yet
(26:03 / Allies) fineX: nop
(26:11 / Allies) fineX: im switch to dhawks
(26:20 / Allies) Sylink: please get a peon out
(26:22 / Allies) Ghocher: done
(26:27 / Allies) Sylink: k
(26:34 / Allies) Sylink: more towers
(26:34 / Allies) Sylink: bro
(27:17 / Allies) Sylink: ugh
(27:28 / Allies) Sylink: what a jerk
(27:41 / Allies) Sylink: lol still there
(27:47 / Allies) Sylink: i will send tower team
(27:55 / Allies) fineX: i will lag out
(27:58 / Allies) Ghocher: noob
(28:00 / Allies) Ghocher: th here
(28:30 / Allies) Sylink: wtb aoe
(28:43 / Allies) Ghocher: r u fucking kidding me my bm is stuck
(28:54 / Allies) fineX: build orc shop
(28:58 / Allies) Ghocher: where
(29:04 / Allies) Ghocher: k
(29:15 / Allies) Sylink: lol
(29:31 / Allies) Sylink: what a faggot
(30:01 / Allies) Sylink: i make a hole
(30:05 / Allies) Sylink: durf
(30:16 / Allies) Sylink: get level 3 already jesus
(30:26 / Allies) fineX: frostys
(30:39 / Allies) Sylink: brt
(30:55 / Allies) Sylink: kind of wanted this
(31:05 / Allies) Sylink: how are you level 18 lol
(31:10 / Allies) Ghocher: 1v1 games
(31:35 / Allies) fineX: wtb wood
(31:45 / Allies) Sylink: dont we all
(31:48 / Allies) Ghocher: last 100
(31:51 / Allies) Sylink: take this
(33:52 / Allies) Ghocher: wtf they didn't take it
(33:59 / Allies) Sylink: i know
(34:01 / Allies) Sylink: hurry up finex
(34:05 / Allies) fineX: what
(34:09 / Allies) Sylink: take
(34:11 / Allies) fineX: k
(34:18 / Allies) Sylink: they chillin here
(35:08 / Allies) fineX: lol
(35:12 / Allies) Ghocher: beautiful
(35:31 / Allies) fineX: 2ez
(35:44 / Allies) Sylink: any more around
(36:29 / Allies) fineX: thx
(37:30 / Allies) Sylink: omw
(38:48 / Allies) Ghocher: oops, had it hotkeyed, sorry
(38:48 / Allies) Sylink: continue
(38:51 / Allies) fineX: need pseent
(39:01 / Allies) Sylink: i fucking hate mexicans
(39:12 / Allies) Sylink: its 12am and they pull in blasting their shitty accordion faggot music
(39:13 / Allies) Ghocher: you have xtra gold? i need to get t3 th for orb
(39:28 / Allies) Ghocher: thx
(39:32 / Allies) Sylink: going to post a note
(39:39 / Allies) Sylink: attn spics: your music sucks
(40:11 / Allies) Sylink: fuck me
(40:15 / Allies) fineX: fiends
(40:16 / Allies) fineX: watch out
(40:23 / Allies) Sylink: any other time
(40:29 / Allies) Sylink: moving doesnt unshackle all
(40:38 / Allies) Sylink: ugh
(40:44 / Allies) Sylink: gyros would be a good idea
(41:14 / Allies) Sylink: he has bats now
(41:30 / Allies) Sylink: run away
(41:45 / Allies) Sylink: if you had made gyros a long time ago
(41:47 / Allies) Sylink: as you said :(*
(41:57 / Allies) Sylink: helping a bro
(42:16 / Allies) Sylink: they have all expos
(42:33 / Allies) Sylink: send zep i guess
(42:56 / Allies) Sylink: hellooooooooooooo
(42:59 / Allies) Ghocher: hello
(43:09 / Allies) Sylink: going to harass their shit
(43:14 / Allies) Ghocher: where
(43:27 / Allies) Sylink: at least they in upeekp
(44:00 / Allies) Sylink: welp
(44:03 / Allies) Sylink: we shall defend our islands
(44:17 / Allies) Ghocher: ima learn to towa like the best, this i swear to you
(44:26 / Allies) fineX: fuck me
(44:30 / Allies) Ghocher: you can't see it but i just cut the shit outta my hand and bled all over the keyboard this shit is for real
(44:32 / Allies) Sylink: owned
(44:36 / Allies) Sylink: let them mine in upkeep idk
(44:46 / Allies) fineX: fuck it gyro time
(45:04 / Allies) Ghocher: need g
(45:12 / Allies) Ghocher: thx
(45:23 / Allies) fineX: they can have top i guess
(45:25 / Allies) Sylink: koktg
(45:30 / Allies) fineX: we take later
(45:53 / Allies) fineX: um u ded
(46:09 / Allies) Sylink: nigger game
(46:19 / Allies) Sylink: mass dott
(46:20 / Allies) Sylink: really
(46:29 / Allies) Sylink: i say
(46:32 / Allies) Sylink: we let them mine
(46:34 / Allies) Sylink: in fucking high upkeep
(46:52 / Allies) fineX: i say let them have caek
(47:02 / Allies) Sylink: their micro horrible anyway
(47:23 / Allies) Sylink: stop building towers
(47:27 / Allies) Sylink: so you have wood for units etc
(47:30 / Allies) Sylink: will need hawk
(47:35 / Allies) fineX: i make gyro
(47:42 / Allies) Sylink: gyro take a lot of wood
(47:43 / Allies) Ghocher: need 100g
(47:44 / Allies) Ghocher: then i'm good
(47:46 / Allies) Sylink: and farms
(47:50 / Allies) Ghocher: thx
(48:24 / All) Sylink: sup scrubs
(48:35 / All) fineX: yo
(48:39 / All) fineX: youre literally a gay
(49:09 / Allies) Sylink: lotta useless ground
(49:12 / All) Sylink: Hey orc
(49:17 / All) Sylink: you gonna need to destroy that army of yours
(49:54 / Allies) Sylink: no finex
(49:55 / Allies) Sylink: army
(50:01 / Allies) Sylink: mill the shop
(50:36 / Allies) Ghocher: fucking bm stuck again
(50:40 / Allies) Sylink: the stats gonna be neat on this one
(50:42 / Allies) fineX: youre literally a noob
(50:44 / Allies) Sylink: lol owned
(50:50 / Allies) Sylink: gtfo
(50:54 / Allies) Sylink: go up ther eimo
(50:59 / Allies) Sylink: hahahahahaha
(50:59 / Allies) fineX: i go here
(51:03 / Allies) Sylink: seriously
(51:11 / Allies) fineX: i ded
(51:17 / Allies) Sylink: i would say mh but they didnt stop islands so idk
(51:22 / All) fineX: yo your literally a nigger
(51:33 / All) Sylink: so try out your dott vs towers strategy please
(52:20 / Allies) Ghocher: i got there base guys don't worry
(53:05 / Allies) Sylink: well whatever they try better be epic
(53:20 / All) Ghocher: you nobs better bring the army of fucking mordor to our doorstep
(53:31 / Allies) Sylink: you should save gyros for last resort
(53:38 / Allies) Sylink: if they think they broke through after bats
(53:56 / All) Sylink: you guys are dull and chinese
(54:05 / All) Sylink: wtf is feesh
(54:11 / All) Sylink: kkreuk
(54:16 / All) Sylink: kroncx
(54:19 / All) Sylink: shitty chinese names
(54:20 / All) Sylink: is what
(54:29 / Allies) Ghocher: shit they ff me and now i'm in the base and they can see our goings ons
(54:30 / All) Sylink: XING PAO LLAMA LLAMA DING DONG ZIPPY
(54:51 / Allies) Sylink: i have 6k gold fyi
(54:58 / Allies) Ghocher: gimme some of dat shit for heals
(55:12 / Allies) Sylink: i can make a priest
(55:16 / Allies) Sylink: would be cheaper in long run
(55:22 / Allies) Ghocher: kk
(55:31 / Allies) Sylink: 2 priests gonna be here
(55:37 / Allies) Ghocher: k
(55:58 / Allies) Sylink: so should i even defend this side
(56:12 / All) Sylink: so how is mining in high upkeep working for you guys
(56:40 / Allies) Ghocher: towering rocks
(56:58 / Allies) fineX: i am gay
(57:08 / Allies) Sylink: you make beautiful tower lines finex
(57:17 / Allies) fineX: thx u ?
(57:24 / All) Sylink: so do dryads fly
(57:30 / All) Sylink: do you speak english
(57:33 / All) fineX: one time i seen it happen
(57:34 / All) fineX: BR?
(57:37 / All) Sylink: because i dont support gook character set
(57:45 / All) fineX: back in nam
(57:50 / All) fineX: we piled u 10 feet high
(57:52 / All) Sylink: buncha frogs
(58:08 / Allies) fineX: flying machine not wood efficient
(58:15 / Allies) Sylink: i told you
(58:31 / Allies) Sylink: i can try to mill mine if you want
(58:39 / Allies) Sylink: chill army
(58:57 / Allies) Sylink: did they take this
(59:03 / Allies) Sylink: any bets
(59:05 / Allies) Sylink: before i reveal
(59:06 / Allies) fineX: prol
(59:15 / Allies) Sylink: just now
(59:17 / Allies) Sylink: lololol
(59:18 / Allies) fineX: only recently
(59:51 / Allies) Sylink: this going to be a fuckin glong game
(60:06 / Allies) fineX: blizit
(60:06 / All) Sylink: oh no one tower
(60:08 / Allies) Ghocher: i'd make a sammich but i'm out of cheese, and meat
(60:17 / Allies) fineX: good idea
(60:21 / Allies) fineX: oh wait i cant swallow shit
(60:23 / Allies) fineX: fuck now i
(60:26 / Allies) fineX: fuck your an asshole
(60:37 / Allies) Sylink: lmao
(61:02 / Allies) Ghocher: level 5 woooo
(61:22 / All) kroncx: ohhh no
(61:23 / All) kroncx: more tower
(61:30 / All) Ghocher: you do speak english!
(61:43 / All) fineX: fuckin zipperheads
(61:49 / All) Sylink: lol fail
(63:13 / Allies) Sylink: its aparty
(63:16 / Allies) Sylink: over here
(63:23 / Allies) fineX: is there party drugs
(63:32 / Allies) Sylink: no
(63:50 / Allies) Ghocher: these guys are god damn awful
(63:56 / All) Ghocher: you guys are god damn awful
(64:08 / All) Sylink: something awful
(64:14 / Allies) Sylink: zeppelin spotted
(64:26 / Allies) Sylink: i feel a landing coming on
(64:42 / All) fineX: i call being omaha beach
(64:50 / All) Sylink: i call sword
(64:54 / Allies) Ghocher: sept we the nazis, and we're gonna win thsi time
(65:20 / All) Sylink: Gg noobs
(65:22 / All) fineX: y u leave??????????????????????????????
(65:22 / Allies) Ghocher: no mah hero
(65:29 / Allies) Ghocher: gimme da g
(65:34 / All) Sylink: game not fin
(65:35 / All) Ghocher: no you're cute
(65:43 / All) Sylink: i look good in a kimono
(65:43 / Allies) Ghocher: thanks
(65:53 / Allies) fineX: oh u has altar
(65:55 / Allies) fineX: give wood back
(66:17 / Allies) Sylink: ownage
(66:22 / All) Ghocher: make more units
(66:28 / All) Ghocher: with all the g you mined in high upkeep
(66:37 / Allies) Sylink: lmaoo
(66:37 / All) Ghocher: and then do that a few more times
(66:39 / All) Ghocher: then quit
(66:46 / All) kkreuk: if u guys have time to squeeze outs wins like this good for you ;)
(66:46 / Allies) Sylink: i killed all the wyrms
(66:48 / Allies) Sylink: hope this helps
(66:53 / All) Sylink: bye noob